[Event "41st Nezhmetdinov Memorial 2019"]
[Site "Kazan"]
[Date "2019.06.06"]
[Round "7.6"]
[White "Yudin, Sergei"]
[Black "Pridorozhni, Aleksei"]
[Result "0-1"]
[ECO "B51"]
[WhiteElo "2507"]
[BlackElo "2588"]
[Annotator "RC"]
[PlyCount "92"]
[EventDate "2019.05.31"]
[EventType "swiss"]
[EventCountry "RUS"]
[SourceTitle "playchess.com"]
[Source "ChessBase"]
[SourceQuality "1"]
[TimeControl "5400+30"]

1. e4 c5 2. Nf3 d6 3. Bb5+ Nc6 4. O-O Bd7 5. Re1 a6 6. Bc4 Nf6 7. c3 Bg4 8. d4 Bxf3 9. gxf3 e6 10. d5 Ne5 11. Bf1 g5 12. dxe6 fxe6 13. Bxg5 Rg8 14. f4 h6 15. fxe5 Rxg5+ 16. Bg2 dxe5 17. Nd2 Qc7 18. Nc4 Qg7 19. Ne3 Ng4 20. Qe2 Nxe3 21. fxe3 O-O-O 22. Rad1 Bd6 23. Kh1 Rg8 24. Bf3 Kb8 25. Qf2 Qf8 26. c4 Be7 27. Rg1 R8g7 28. Rxg5 Bxg5 29. Qe2 Rf7 30. Rf1 h5 31. Kg2 h4 32. h3 Qh6 33. Re1 Rd7 34. Kh1 Ka7 35. a3 Bd8 36. Qf2 Rd3 37. Rd1 Rxd1+ 38. Bxd1 Bg5 39. Qe2 Bxe3 40. b3 Bd4 41. a4 Qg5 42. Qg2 Qe3 43. Kh2 Kb6 44. Bc2 Ka5 45. Bd1 Kb4 46. Bc2 Qe1 0-1

[Event "41st Nezhmetdinov Memorial 2019"]
[Site "Kazan"]
[Date "2019.06.06"]
[Round "7.9"]
[White "Kazakovskiy, Valeriy"]
[Black "Khanin, Semen"]
[Result "1/2-1/2"]
[ECO "A05"]
[WhiteElo "2457"]
[BlackElo "2529"]
[Annotator "RC"]
[PlyCount "85"]
[EventDate "2019.05.31"]
[EventType "swiss"]
[EventCountry "RUS"]
[SourceTitle "playchess.com"]
[Source "ChessBase"]
[SourceQuality "1"]
[TimeControl "5400+30"]

1. Nf3 Nf6 2. c4 g6 3. Nc3 d5 4. Qa4+ Bd7 5. Qb3 dxc4 6. Qxc4 a6 7. d4 b5 8. Qb3 Bg7 9. e4 c5 10. dxc5 Bc6 11. e5 Nd5 12. Be2 Nd7 13. Nxd5 Nxc5 14. Qa3 Qxd5 15. O-O Ne6 16. Rd1 Qc5 17. Qxc5 Nxc5 18. Be3 Ne6 19. Rac1 Rc8 20. Nd4 Nxd4 21. Bxd4 O-O 22. f4 Rfd8 23. Bb6 Rxd1+ 24. Bxd1 Bb7 25. Rxc8+ Bxc8 26. Kf2 g5 27. g3 gxf4 28. gxf4 f6 29. Bb3+ e6 30. Bd4 Kf7 31. Bc2 f5 32. Bc5 Bb7 33. Bd1 Kg6 34. Kg3 Bh6 35. a4 Bc6 36. axb5 axb5 37. Be2 Bd7 38. Bf3 Be8 39. Bb7 Bd7 40. Bd6 Kh5 41. Be7 Kg6 42. Bb4 Kh5 43. Bc5 1/2-1/2

[Event "41st Nezhmetdinov Memorial 2019"]
[Site "Kazan"]
[Date "2019.06.07"]
[Round "8.10"]
[White "Kanter, Eduard"]
[Black "Visakh N R"]
[Result "0-1"]
[ECO "E04"]
[WhiteElo "2392"]
[BlackElo "2518"]
[Annotator "RC"]
[PlyCount "66"]
[EventDate "2019.05.31"]
[EventType "swiss"]
[EventCountry "RUS"]
[SourceTitle "playchess.com"]
[Source "ChessBase"]
[SourceQuality "1"]
[TimeControl "5400+30"]

1. d4 d5 2. c4 e6 3. Nf3 Nf6 4. g3 dxc4 5. Bg2 Nc6 6. Qa4 Bb4+ 7. Bd2 Nd5 8. Bxb4 Ndxb4 9. Nc3 Bd7 10. O-O a6 11. Ne5 b5 12. Qa3 Rb8 13. Nxc6 Nxc6 14. Qc5 Ne7 15. a4 O-O 16. axb5 Bxb5 17. Nxb5 axb5 18. Ra7 Nf5 19. e3 Qd6 20. Rxc7 Qxc5 21. dxc5 Rfc8 22. Rxc8+ Rxc8 23. c6 Kf8 24. b3 Ke7 25. bxc4 bxc4 26. Rc1 Nd6 27. Ra1 f5 28. Ra7+ Kf6 29. Ra5 Ke7 30. Rc5 Kd8 31. Re5 Kc7 32. Rxe6 c3 33. Re5 Kb6 0-1

[Event "41st Nezhmetdinov Memorial 2019"]
[Site "Kazan"]
[Date "2019.06.08"]
[Round "9.2"]
[White "Tsydypov, Zhamsaran"]
[Black "Nozdrachev, Vladislav"]
[Result "1-0"]
[ECO "A05"]
[WhiteElo "2546"]
[BlackElo "2481"]
[Annotator "ChessBase"]
[PlyCount "79"]
[EventDate "2019.05.31"]
[EventType "swiss"]
[EventCountry "RUS"]
[SourceTitle "playchess.com"]
[Source "ChessBase"]
[SourceQuality "1"]
[TimeControl "5400+30"]

1. Nf3 Nf6 2. g3 d5 3. Bg2 e6 4. O-O Be7 5. b3 O-O 6. Bb2 b6 7. c4 Bb7 8. cxd5 Nxd5 9. d4 Nd7 10. Re1 c5 11. e4 Nc7 12. Nc3 Nf6 13. Qc2 cxd4 14. Rad1 Bc5 15. Na4 Qe7 16. Nxc5 bxc5 17. Ba3 Na6 18. Nxd4 Nb4 19. Bxb4 cxb4 20. Nf5 exf5 21. exf5 Ne4 22. Bxe4 Rac8 23. Qb1 Bxe4 24. Qxe4 Qf6 25. Rd7 Qa6 26. Qxb4 Qxa2 27. f6 g6 28. Qf4 Rc6 29. Rde7 Qxb3 30. Re8 Qa3 31. Qh6 Rxf6 32. R1e7 Qa1+ 33. Kg2 Rxf2+ 34. Kxf2 Qb2+ 35. Kg1 Qb1+ 36. Kg2 Qc2+ 37. Kh3 Qf5+ 38. Kh4 Qf6+ 39. Qg5 Qd4+ 40. Kh3 1-0

[Event "41st Nezhmetdinov Memorial 2019"]
[Site "Kazan"]
[Date "2019.06.08"]
[Round "9.5"]
[White "Tologontegin, Semetey"]
[Black "Rozum, Ivan"]
[Result "0-1"]
[ECO "A10"]
[WhiteElo "2386"]
[BlackElo "2568"]
[Annotator "ChessBase"]
[PlyCount "104"]
[EventDate "2019.05.31"]
[EventType "swiss"]
[EventCountry "RUS"]
[SourceTitle "playchess.com"]
[Source "ChessBase"]
[SourceQuality "1"]
[TimeControl "5400+30"]

1. c4 g6 2. e4 Bg7 3. d4 Nc6 4. Ne2 e5 5. dxe5 Nxe5 6. Nd4 Nf6 7. Nc3 O-O 8. Be2 d6 9. Bg5 h6 10. Bh4 Re8 11. f3 c6 12. O-O a6 13. a4 a5 14. Re1 Ned7 15. Bf1 Qb6 16. Bf2 Nc5 17. Qc2 Bd7 18. Rad1 Rad8 19. Rd2 Bc8 20. Red1 Bf8 21. Kh1 Be7 22. g3 Bf8 23. Bg2 Nfd7 24. h3 Nb8 25. f4 Nba6 26. Kh2 Nb4 27. Qb1 Qc7 28. b3 Qe7 29. g4 Bg7 30. Bg3 g5 31. Kh1 Bxd4 32. Rxd4 Ne6 33. f5 Nxd4 34. Rxd4 Qf6 35. Qd1 c5 36. Rd3 Nxd3 37. Qxd3 Qd4 38. Qf3 Bd7 39. Bf2 Qd2 40. Nd5 Bc6 41. Nf6+ Kg7 42. Nh5+ Kf8 43. Ng3 Re5 44. Kh2 Rde8 45. Be3 Qc2 46. Bf2 Rxe4 47. Nxe4 Qxe4 48. Qxe4 Bxe4 49. Bg3 Bxg2 50. Bxd6+ Kg8 51. Kxg2 Re3 52. Bxc5 Rxb3 0-1

[Event "41st Nezhmetdinov Memorial 2019"]
[Site "Kazan"]
[Date "2019.06.08"]
[Round "9.6"]
[White "Belyakov, Bogdan"]
[Black "Puranik, Abhimanyu"]
[Result "1/2-1/2"]
[ECO "C55"]
[WhiteElo "2483"]
[BlackElo "2548"]
[Annotator "ChessBase"]
[PlyCount "32"]
[EventDate "2019.05.31"]
[EventType "swiss"]
[EventCountry "RUS"]
[SourceTitle "playchess.com"]
[Source "ChessBase"]
[SourceQuality "1"]
[TimeControl "5400+30"]

1. e4 e5 2. Nf3 Nc6 3. Bc4 Nf6 4. d4 exd4 5. e5 d5 6. Bb5 Ne4 7. Nxd4 Bd7 8. Bxc6 bxc6 9. O-O Be7 10. f3 Nc5 11. f4 O-O 12. f5 Ne4 13. Nc3 Bc5 14. Na4 Be7 15. Nc3 Bc5 16. Na4 Be7 1/2-1/2

[Event "41st Nezhmetdinov Memorial 2019"]
[Site "Kazan"]
[Date "2019.06.08"]
[Round "9.7"]
[White "Svetushkin, Dmitry"]
[Black "Yeletsky, Ivan"]
[Result "0-1"]
[ECO "A48"]
[WhiteElo "2536"]
[BlackElo "2438"]
[Annotator "ChessBase"]
[PlyCount "76"]
[EventDate "2019.05.31"]
[EventType "swiss"]
[EventCountry "RUS"]
[SourceTitle "playchess.com"]
[Source "ChessBase"]
[SourceQuality "1"]
[TimeControl "5400+30"]

1. d4 Nf6 2. Nf3 g6 3. Nbd2 c5 4. dxc5 Qa5 5. a3 Qxc5 6. b4 Qc3 7. Rb1 Qc7 8. e4 Bg7 9. c4 O-O 10. Bd3 d6 11. O-O Nc6 12. h3 a5 13. Re1 Nd7 14. Qb3 Rd8 15. Bf1 axb4 16. axb4 Qb6 17. Bb2 Bxb2 18. Rxb2 Nde5 19. Qc3 Nxf3+ 20. Nxf3 Be6 21. Rd1 Ra4 22. b5 Na5 23. c5 dxc5 24. Rxd8+ Qxd8 25. Qxc5 Nb3 26. Qc2 Ra3 27. Ng5 Nd4 28. Qc5 Qd6 29. Nxe6 fxe6 30. Qc8+ Kg7 31. Qxb7 Ra1 32. e5 Qa3 33. Kh2 Rxf1 34. Rd2 Nf5 35. Qc6 Qa1 36. g3 Qxe5 37. Kg2 Rb1 38. b6 Qe1 0-1

[Event "41st Nezhmetdinov Memorial 2019"]
[Site "Kazan"]
[Date "2019.06.08"]
[Round "9.8"]
[White "Moiseenko, Vadim"]
[Black "Anikonov, Dmitry"]
[Result "1/2-1/2"]
[ECO "C01"]
[WhiteElo "2525"]
[BlackElo "2372"]
[Annotator "ChessBase"]
[PlyCount "93"]
[EventDate "2019.05.31"]
[EventType "swiss"]
[EventCountry "RUS"]
[SourceTitle "playchess.com"]
[Source "ChessBase"]
[SourceQuality "1"]
[TimeControl "5400+30"]

1. e4 e6 2. d4 d5 3. exd5 exd5 4. Nf3 Nc6 5. Nc3 Nf6 6. Bb5 Be7 7. Ne5 Bd7 8. O-O O-O 9. Re1 a6 10. Bxc6 Bxc6 11. Qf3 Nd7 12. Nd3 Bd6 13. Bf4 Qf6 14. Nxd5 Qxd4 15. Bxd6 Bxd5 16. Qf4 Qxf4 17. Bxf4 Be6 18. Bxc7 Rfc8 19. Ba5 Rxc2 20. Bc3 Bc4 21. Rad1 Nf6 22. h3 Nd5 23. Be5 Re8 24. Bxg7 Rxe1+ 25. Nxe1 Re2 26. Bd4 Bxa2 27. Nd3 Bb3 28. Rc1 Rc2 29. Re1 f6 30. Nc5 Bc4 31. Nxb7 Rd2 32. Re4 Bd3 33. Re8+ Kg7 34. Rd8 Nf4 35. Be3 Rd1+ 36. Kh2 Ne6 37. Rd6 Kf7 38. Rd7+ Kg6 39. Rd6 Kf7 40. Rb6 f5 41. Kg3 Rg1 42. Rxe6 Kxe6 43. Nc5+ Kd5 44. Nxd3 Kc4 45. Nc1 Rd1 46. Kf4 Rd5 47. g4 1/2-1/2

[Event "41st Nezhmetdinov Memorial 2019"]
[Site "Kazan"]
[Date "2019.06.08"]
[Round "9.9"]
[White "Visakh N R"]
[Black "Semenova, Elena"]
[Result "1-0"]
[ECO "A45"]
[WhiteElo "2518"]
[BlackElo "2255"]
[Annotator "ChessBase"]
[PlyCount "113"]
[EventDate "2019.05.31"]
[EventType "swiss"]
[EventCountry "RUS"]
[SourceTitle "playchess.com"]
[Source "ChessBase"]
[SourceQuality "1"]
[TimeControl "5400+30"]

1. d4 Nf6 2. Bg5 Ne4 3. Bf4 d5 4. Nd2 Bf5 5. e3 g5 6. Be5 f6 7. Bg3 Nxg3 8. hxg3 Qd7 9. c4 e6 10. Qb3 Nc6 11. Ngf3 O-O-O 12. cxd5 exd5 13. Bb5 a6 14. Bd3 Bxd3 15. Qxd3 Nb4 16. Qb1 Qb5 17. a3 Nd3+ 18. Kf1 Nxb2+ 19. Kg1 Rd7 20. Qf5 Nc4 21. Nxc4 dxc4 22. Qxf6 Bg7 23. Qxg5 Qxg5 24. Nxg5 c5 25. Ne6 cxd4 26. Rh4 Bf6 27. Rf4 dxe3 28. Re1 exf2+ 29. Kxf2 Bb2 30. Rxc4+ Kb8 31. a4 Rc8 32. Rxc8+ Kxc8 33. Re4 Rf7+ 34. Ke2 Kd7 35. Kd3 Kd6 36. Nf4 Be5 37. Rb4 Bxf4 38. gxf4 Rg7 39. Ke4 Rxg2 40. Rxb7 Kc6 41. Rxh7 Kc5 42. Rh5+ Kb4 43. a5 Re2+ 44. Kf3 Re8 45. Re5 Rc8 46. f5 Kc4 47. f6 Rf8 48. Rf5 Kd4 49. f7 Kc4 50. Kf4 Kb4 51. Kg5 Rxf7 52. Rxf7 Kxa5 53. Kf4 Kb4 54. Ke3 a5 55. Kd2 Kb3 56. Kc1 a4 57. Kb1 1-0

[Event "41st Nezhmetdinov Memorial 2019"]
[Site "Kazan"]
[Date "2019.06.08"]
[Round "9.10"]
[White "Frolyanov, Dmitry"]
[Black "Chekletsov, Egor"]
[Result "1-0"]
[ECO "B77"]
[WhiteElo "2538"]
[BlackElo "2035"]
[Annotator "ChessBase"]
[PlyCount "113"]
[EventDate "2019.05.31"]
[EventType "swiss"]
[EventCountry "RUS"]
[SourceTitle "playchess.com"]
[Source "ChessBase"]
[SourceQuality "1"]
[TimeControl "5400+30"]

1. e4 c5 2. Nf3 d6 3. d4 cxd4 4. Nxd4 Nf6 5. Nc3 g6 6. Be3 Bg7 7. f3 O-O 8. Qd2 Nc6 9. Bc4 Bd7 10. h4 h5 11. O-O-O Rc8 12. Bb3 Ne5 13. Kb1 Nc4 14. Bxc4 Rxc4 15. g4 hxg4 16. h5 Nxh5 17. Rdg1 Qc8 18. Nd5 Re8 19. b3 Rc5 20. fxg4 Bxg4 21. Rh4 e6 22. Rhxg4 exd5 23. Nf5 d4 24. Bxd4 Rxe4 25. Nh6+ Kh7 26. Rxe4 Bxh6 27. Qe2 Bg7 28. Bxc5 Qxc5 29. Rh1 Bf6 30. Rc4 Qb5 31. a4 Qd7 32. Rxh5+ gxh5 33. Qxh5+ Kg7 34. Rg4+ Kf8 35. Qh6+ Ke7 36. Rg8 Be5 37. Qh4+ Bf6 38. Qe4+ Be5 39. Rb8 Qh3 40. Rxb7+ Kf6 41. Qe1 Ke6 42. Rxa7 f5 43. Qg1 Bf6 44. Rc7 Qg4 45. Qf1 f4 46. Rc4 Be5 47. a5 Qg3 48. Rc8 Qe3 49. Qc4+ d5 50. Qc6+ Kf5 51. Rf8+ Ke4 52. Qg6+ Kf3 53. Qd3 Kg2 54. Qxe3 fxe3 55. Re8 Bd4 56. c3 Bc5 57. Kc2 1-0